 Dungeon Crawl Stone Soup version 0.29.1-2-gbd0b4ee654 (webtiles) character file.

Game seed: 6888053155002057419

169 Raikaria the Shield-Bearer (level 5, -1/37 HPs)
             Began as an Octopode Fighter on Nov 7, 2022.
             Slain by Edmund
             ... wielding a +2 flail of protection
              (7 damage)
             ... on level 4 of the Dungeon.
             The game lasted 00:05:14 (3060 turns).

Raikaria the Shield-Bearer (Octopode Fighter)       Turns: 3060, Time: 00:05:16

Health: -1/37      AC:  1    Str: 15    XL:     5   Next: 50%
Magic:  5/5        EV: 13    Int: 12    God:
Gold:   156        SH:  5    Dex: 12    Spells: 4/4 levels left

rFire   . . .      SeeInvis .     - Unarmed
rCold   . . .      Faith    .   a - +0 buckler
rNeg    . . .      Spirit   .   (helmet restricted)
rPois   +          Reflect  .   h - amulet of the acrobat
rElec   .          Harm     .   i - ring of poison resistance
rCorr   .          Rampage  .   (no ring)
Will    .....                   (no ring)
Stlth   ++........              (no ring)
HPRegen 0.12/turn               (no ring)
MPRegen 0.09/turn               (no ring)
                                (no ring)
                                (no ring)

@: no status effects
A: almost no armour, amphibious, 8 rings, camouflage 1, gelatinous body 1,
(nimble swimmer 1), tentacles
a: no special abilities


You were on level 4 of the Dungeon.
You visited 1 branch of the dungeon, and saw 4 of its levels.

You collected 156 gold pieces.

Inventory:

Armour
 a - a +0 buckler (worn)
Jewellery
 h - an amulet of the acrobat (around mantle)
 i - a ring of poison resistance (left tentacle)
Wands
 r - a wand of flame (23)
Scrolls
 c - a scroll of torment {unknown}
 e - 2 scrolls of fear {unknown}
 f - a scroll of poison {unknown}
 g - a scroll of brand weapon {unknown}
 j - 6 scrolls of identify {unknown}
 k - 2 scrolls of summoning {unknown}
 m - a scroll of enchant armour {unknown}
 o - a scroll of noise {unknown}
 p - a scroll of amnesia {unknown}
Potions
 b - 2 potions of might
 d - 3 potions of flight {unknown}
 l - a potion of berserk rage {unknown}
 n - 3 potions of curing {unknown}
 q - a potion of degeneration {unknown}
 s - a potion of attraction {unknown}
 t - 2 potions of magic {unknown}


   Skills:
 + Level 3.9 Fighting
 + Level 3.9 Dodging
 + Level 3.9 Shields
 + Level 3.1 Unarmed Combat


You had 4 spell levels left.
You didn't know any spells.
Your spell library contained the following spells:

 Spells                   Type           Power      Damage    Failure   Level
 Inner Flame              Hex/Fire       0%         N/A       77%         3
 Cause Fear               Hex            0%         N/A       99%         4
 Discord                  Hex            0%         N/A       100%        8


Dungeon Overview and Level Annotations

Branches:
Dungeon (4/15)
 Temple: D:4-7

Altars:
Dithmenos
Yredelemnul

Shops:
D:1 (

Annotations:
D:4 Edmund


Innate Abilities, Weirdness & Mutations

You cannot wear most types of armour.
You are amphibious.
You can wear up to eight rings at the same time.
Your skin changes colour to match your surroundings (Stealth+).
Your rubbery body absorbs attacks. (AC +1, EV +1)
((You are camouflaged when in or above water. (Stealth+)))
You have tentacles for arms and can constrict up to eight enemies at once.


Message History

The ufetubus completely misses you. You block the ufetubus's attack.
You tentacle-slap the ufetubus.
You kill the ufetubus!
Edmund the Younger comes into view.
He is wielding a +2 flail of protection and wearing a +3 chain mail of willpower.
You barely miss the adder. Your grab misses the adder. The adder misses you.
You tentacle-slap the adder. You grab the adder.
The adder is lightly wounded.
You constrict the adder. The adder bites you but does no damage.
You tentacle-slap the adder. You squeeze the adder!
You kill the adder!
Edmund says, "You wouldn't believe how much I paid for this flail."
You tentacle-slap Edmund. You grab Edmund.
Edmund is lightly wounded.
You constrict Edmund, but do no damage.
Edmund hits you with a +2 flail of protection!
You tentacle-slap Edmund.
Edmund is lightly wounded.
You constrict Edmund, but do no damage. Edmund barely misses you.
You tentacle-slap Edmund but do no damage.
Edmund is lightly wounded.
You constrict Edmund, but do no damage. You block Edmund's attack.
You tentacle-slap Edmund but do no damage.
You squeeze Edmund, but do no damage.
Edmund is lightly wounded.
You constrict Edmund. You block Edmund's attack.
A scorpion comes into view.
You tentacle-slap Edmund but do no damage.
Edmund is lightly wounded.
You constrict Edmund, but do no damage.
Edmund hits you with a +2 flail of protection!
You tentacle-slap Edmund but do no damage.
Edmund is lightly wounded.
You constrict Edmund.
You tentacle-slap Edmund but do no damage.
Edmund is lightly wounded.
You constrict Edmund, but do no damage.
Edmund hits you with a +2 flail of protection!
* * * LOW HITPOINT WARNING * * *
Edmund hits you with a +2 flail of protection!
You die...

#.#............#.#
###.........##.#
#.............
#.>.........#
#...........#
#....##....##.
#.#####...## .#
#.. #....##.# o..
##..@....### ...
#....@......
##.s........
#..........
#$.........
...........
#..#.##.....
#..### ..... ...
....#


You could see Edmund and a scorpion.

Vanquished Creatures
  Terence (D:3)
  An iguana (D:3)
  6 adders
  An ufetubus (D:4)
  A worm (D:3)
  4 bats
  8 endoplasms
  3 giant cockroaches
  3 goblins (D:3)
  2 hobgoblins
  A quokka (D:1)
  9 ball pythons
  3 frilled lizards
  8 kobolds
  10 rats
61 creatures vanquished.

Notes
Turn   | Place    | Note
-------+----------+-------------------------------------------
     0 | D:1      | Raikaria the Octopode Fighter began the quest for the Orb.
     0 | D:1      | Reached XP level 1. HP: 16/16 MP: 1/1
    33 | D:1      | Found Leunias's Weapon Shoppe.
   159 | D:1      | Reached XP level 2. HP: 21/21 MP: 2/2
   662 | D:2      | Reached XP level 3. HP: 22/26 MP: 3/3
  1309 | D:2      | Found a faded altar of an unknown god.
  1315 | D:2      | Reached XP level 4. HP: 31/31 MP: 4/4
  1479 | D:3      | Found a large runed translucent door.
  1496 | D:3      | Found a large runed translucent door.
  1511 | D:3      | Found a shadowy altar of Dithmenos.
  1638 | D:3      | Found a basalt altar of Yredelemnul.
  2013 | D:3      | Noticed Terence
  2024 | D:3      | Killed Terence
  2258 | D:3      | Reached XP level 5. HP: 23/37 MP: 5/5
  3046 | D:4      | Noticed Edmund
  3060 | D:4      | Slain by Edmund

Illustrated notes

Levels and vault maps discovered:
D:1:      evilmike_arrival_hilbert_curve, layout_rooms, serial_shops, shop
D:2:      layout_basic, ebering_ecumenical_altar_hall
D:3:      layout_basic, jmf_multi_god_temple2, skrybe_limestone_x, uniq_terence
D:4:      kennysheep_slugbush, layout_cave_pools, temple_hall, serial_shops,
          shop, kennysheep_little_box, nicolae_shop_advertising_works
          [nicolae_subvault_shop_adworks], kennysheep_mini_moat,
          nicolae_inconvenience_store, uniq_edmund, uniq_duvessa

Skill      XL: |  1  2  3  4 |
---------------+-------------+-----
Unarmed Combat | 3 |  3.1
Fighting       | |  3.9
Dodging        | |  3.9
Shields        | |  3.9

Action                   |  1- 3 |  4- 6 || total
-------------------------+-------+-------++-------
Melee: Unarmed           |    67 |    73 ||   140
       Constrict         |    20 |    15 ||    35
       Tentacles         |    17 |    10 ||    27
       Punch             |     1 |     1 ||     2
 Stab: Sleeping          |     5 |     8 ||    13
Armor: Skin              |     2 |     4 ||     6
Dodge: Dodged            |    41 |    40 ||    81
Block: Buckler           |    13 |     5 ||    18
